Sasquatch vs Wolves

Created - 7 novembre 2012 at 23:26

Simulating a Pre-Season

Goals
1 2 3 T
Sasquatch 2 2 0 4
Wolves 3 1 1 5
Shots
1 2 3 T
Sasquatch 9 13 7 29
Wolves 13 14 8 35

1st period

1. Wolves , Alexander Perezhogin 11 (Dan Fritsche) at 1:38
2. Sasquatch , Kevin Porter 3 (Tomas Kurka, Mark Giordano) at 2:05
3. Sasquatch , Guillaume Latendresse 5 (Andrew Cogliano) at 3:07
4. Wolves , Alexander Perezhogin 12 (Dan Fritsche) at 3:17
5. Wolves , Alexander Perezhogin 13 (Cody McLeod, Nate Guenin) at 17:46

Penalties :
Brandon Yip (Gat) for Roughing (Minor) at 5:59

2nd period

6. Sasquatch , Brandon Yip 1 (Andreas Karlsson, Linus Omark) at 1:55
7. Wolves , Cody McLeod 4 (Dan Fritsche, Alexander Perezhogin) at 2:38
8. Sasquatch , Kyle Cumiskey 1 (Aaron Voros, Mats Zuccarello) at 5:45

Penalties :
Dan Fritsche (Min) for Hooking (Minor) at 9:36

3rd period

9. Wolves , Alexander Perezhogin 14 (Dan Fritsche) at 7:41

Penalties :
Nate Guenin (Min) for Charging (Minor) at 1:40, Konstantin Pushkarev (Gat) for Interference (Minor) at 7:56

Goalie Stats

Peter Mannino (Gat), 30 saves from 35 shots - (0,857), L, 0-2-0, 59:01 minutes
Julien Ellis (Min), 25 saves from 29 shots - (0,862), W, 4-0-0, 60:00 minutes

Players Stats for Sasquatch

Player Name              G  A  P  +/- PIM S  H  SB GA TA FO     MP     PP MP  PK MP  
------------------------------------------------------------------------------------
Aaron Voros              0  1  1   1  0   1  0  0  0  0  0/1    13:21   1:49   1:18 
Andreas Karlsson         0  1  1   1  0   2  2  0  1  0  3/5    12:59   0:00   1:08 
Andrew Cogliano          0  1  1  -3  0   6  2  0  0  0  19/40  21:19   2:09   2:14 
Brandon Yip              1  0  1   1  2   2  3  0  0  0  0/0    13:43   0:00   1:07 
Brian Lee                0  0  0   1  0   1  1  0  2  0  0/0    19:30   2:00   1:24 
Cody Franson             0  0  0  -2  0   0  0  0  0  0  0/0    17:18   2:00   1:24 
Guillaume Latendresse    1  0  1  -3  0   3  1  0  1  0  0/1    19:46   2:09   0:41 
Jared Boll               0  0  0   0  0   0  0  0  0  1  0/0    16:08   2:09   0:00 
Jiri Novotny             0  0  0   1  0   3  2  0  0  0  3/3    10:38   0:00   1:28 
Kevin Porter             1  0  1   0  0   2  1  0  2  0  2/5    15:56   1:49   0:00 
Konstantin Pushkarev     0  0  0  -3  2   0  0  0  0  1  1/1    15:42   0:00   0:00 
Kyle Cumiskey            1  0  1   3  0   2  5  1  0  0  0/0    21:13   0:00   2:34 
Linus Omark              0  1  1   1  0   1  1  0  0  0  0/0    11:51   0:00   0:00 
Mark Giordano            0  1  1   0  0   0  1  2  0  2  0/0    23:32   1:58   0:00 
Mats Zuccarello          0  1  1   1  0   4  2  0  0  0  0/0     8:41   0:00   0:00 
Noah Welch               0  0  0  -2  0   0  0  1  1  0  0/0    22:38   0:00   2:34 
Ryan Wilson              0  0  0  -2  0   0  0  1  1  1  0/0    15:49   1:58   0:00 
Tomas Kurka              0  1  1   0  0   2  0  1  1  0  0/0    15:56   1:49   0:00 

Players Stats for Wolves

Player Name              G  A  P  +/- PIM S  H  SB GA TA FO     MP     PP MP  PK MP  
------------------------------------------------------------------------------------
Aki Berg                 0  0  0   0  0   0  0  1  0  0  0/0     5:29   0:00   0:00 
Alexander Perezhogin     4  1  5   3  0   8  1  0  4  0  1/4    21:25   2:07   1:49 
Bruno Gervais            0  0  0  -1  0   1  0  1  0  1  0/0    12:39   0:00   0:00 
Chris Terry              0  0  0  -2  0   0  0  0  0  0  0/0     8:17   0:00   0:00 
Cody McLeod              1  1  2   3  0   8  2  1  1  0  0/1    21:24   2:07   1:28 
Dan Fritsche             0  4  4   3  2   2  2  0  0  1  17/29  20:26   2:07   0:27 
Jason King               0  0  0   0  0   2  1  0  0  0  0/0    16:29   1:51   1:37 
Jeff Finger              0  0  0   2  0   1  2  1  0  0  0/0    23:58   2:26   1:52 
Jonas Junland            0  0  0   0  0   0  0  0  0  0  0/0     0:00   0:00   0:00 
Kevin Veilleux           0  0  0  -2  0   0  1  0  0  1  0/2     8:17   0:00   0:00 
Marc Methot              0  0  0   0  0   0  0  0  0  1  0/0     6:08   0:00   0:39 
Marc-André Gragnani      0  0  0   0  0   0  0  0  0  0  0/0     0:00   0:00   0:00 
Mark Fayne               0  0  0   0  0   0  0  0  0  0  0/0     0:00   0:00   0:00 
Matt Beleskey            0  0  0   0  0   2  0  0  0  1  1/2    15:30   1:51   0:34 
Matt Gilroy              0  0  0  -1  0   2  0  2  0  0  0/0    13:22   0:00   0:43 
Mike Sislo               0  0  0   0  0   0  1  0  0  0  0/0    12:53   0:00   0:00 
Mike Wilson              0  0  0   0  0   2  0  0  0  1  0/0    17:54   1:32   2:06 
Milan Bartovic           0  0  0   0  0   1  0  0  0  2  0/0    13:18   0:00   0:25 
Nate Guenin              0  1  1   0  2   1  1  1  0  0  0/0    16:35   1:32   0:44 
Nathan Davis             0  0  0   0  0   1  1  0  0  0  6/12   15:40   1:51   0:28 
Petr Kalus               0  0  0   0  0   2  0  0  0  0  3/6    14:01   0:00   1:08 
Petr Tenkrat             0  0  0  -2  0   0  0  0  0  0  0/0     8:17   0:00   0:00 
Philippe Boucher         0  0  0   2  0   2  2  0  0  1  0/0    23:58   2:26   1:52 
Stefan Chaput            0  0  0   0  0   0  0  0  0  0  0/0     0:00   0:00   0:00 
Tim Crowder              0  0  0   0  0   0  0  0  0  0  0/0     0:00   0:00   0:00 

3 Stars

1 - Alexander Perezhogin (Min)
2 - Dan Fritsche (Min)
3 - Cody McLeod (Min)

Power Play

Sasquatch - 0 on 2 Attempt(s) - 0,00%
Wolves - 0 on 2 Attempt(s) - 0,00%

Penalty Kill

Sasquatch - 2 on 2 Attempt(s) - 100,00% - Score 0 goal in Penalty Kill
Wolves - 2 on 2 Attempt(s) - 100,00% - Score 0 goal in Penalty Kill

Official

Referees : Hebert Ghislain and StLaurent Francois
Linesman : Lyle Seitz and Tony Sericolo

Game Notes

Alexander Perezhogin has scored a Hat Trick!

Sasquatch

5 vs 5 Forward 
   Center                   Left Wing                Right Wing               Time % Phy DF OF 
 1 Andrew Cogliano          Guillaume Latendresse    Konstantin Pushkarev     40     1   2  2  
 2 Kevin Porter             Tomas Kurka              Jared Boll               30     1   2  2  
 3 Andreas Karlsson         Linus Omark              Brandon Yip              20     1   2  2  
 4 Jiri Novotny             Mats Zuccarello          Aaron Voros              10     1   2  2  

5 vs 5 Defense 
   Defense                  Defense                                           Time % Phy DF OF 
 1 Mark Giordano            Noah Welch                                        40     1   2  2  
 2 Brian Lee                Kyle Cumiskey                                     30     1   2  2  
 3 Ryan Wilson              Cody Franson                                      20     1   2  2  
 4 Kyle Cumiskey            Mark Giordano                                     10     1   2  2  

PowerPlay Forward 
   Center                   Left Wing                Right Wing               Time % Phy DF OF 
 1 Andrew Cogliano          Guillaume Latendresse    Jared Boll               60     1   2  2  
 2 Kevin Porter             Tomas Kurka              Aaron Voros              40     1   2  2  

PowerPlay Defense
   Defense                  Defense                                           Time % Phy DF OF 
 1 Mark Giordano            Ryan Wilson                                       60     1   2  2  
 2 Brian Lee                Cody Franson                                      40     1   2  2  

Penalty Kill 4 Players Forward 
   Center                   Wing                     Time % Phy DF OF 
 1 Andrew Cogliano          Brandon Yip              60     1   2  2  
 2 Andreas Karlsson         Guillaume Latendresse    40     1   2  2  

Penalty Kill 4 Players Defense
   Defense                  Defense                  Time % Phy DF OF 
 1 Noah Welch               Kyle Cumiskey            60     1   2  2  
 2 Brian Lee                Cody Franson             40     1   2  2  

Penalty Kill - 3 Players Forward 
   Forward                                           Time % Phy DF OF 
 1 Andrew Cogliano                                   60     1   2  2  
 2 Andreas Karlsson                                  40     1   2  2  

Penalty Kill - 3 Players Defense
   Defense                  Defense                  Time % Phy DF OF 
 1 Noah Welch               Kyle Cumiskey            60     1   2  2  
 2 Mark Giordano            Cody Franson             40     1   2  2  

4 vs 4 Forward 
   Center                   Wing                     Time % Phy DF OF 
 1 Andrew Cogliano          Guillaume Latendresse    60     1   2  2  
 2 Kevin Porter             Aaron Voros              40     1   2  2  

4 vs 4 Defense
   Defense                  Defense                  Time % Phy DF OF 
 1 Noah Welch               Kyle Cumiskey            60     1   2  2  
 2 Brian Lee                Cody Franson             40     1   2  2  

Last Minutes Offensive
   Center                   Left Wing                Right Wing               Defense                  Defense                  
   Andrew Cogliano          Guillaume Latendresse    Aaron Voros              Mark Giordano            Kyle Cumiskey            

Last Minutes Defensive
   Center                   Left Wing                Right Wing               Defense                  Defense                  
   Andrew Cogliano          Guillaume Latendresse    Aaron Voros              Mark Giordano            Kyle Cumiskey            

Goaltenders
Starting : Peter Mannino            
Backup : Cory Schneider           

Extra Forwards
Normal : Brandon Yip, Kevin Porter, Jiri Novotny - PP : Brandon Yip, Kevin Porter - PK : Jiri Novotny
Extra Defensemen
Normal : Ryan Wilson, Cody Franson, Mark Giordano - PP : Ryan Wilson - PK : Ryan Wilson, Kyle Cumiskey
Penalty Shots
Guillaume Latendresse, Andrew Cogliano, Linus Omark, Andreas Karlsson, Aaron Voros

Wolves

5 vs 5 Forward 
   Center                   Left Wing                Right Wing               Time % Phy DF OF 
 1 Dan Fritsche             Cody McLeod              Alexander Perezhogin     40     1   2  2  
 2 Nathan Davis             Matt Beleskey            Jason King               30     1   2  2  
 3 Petr Kalus               Mike Sislo               Milan Bartovic           20     1   2  2  
 4 Kevin Veilleux           Chris Terry              Petr Tenkrat             10     1   2  2  

5 vs 5 Defense 
   Defense                  Defense                                           Time % Phy DF OF 
 1 Philippe Boucher         Jeff Finger                                       40     1   2  2  
 2 Mike Wilson              Nate Guenin                                       30     1   2  2  
 3 Bruno Gervais            Matt Gilroy                                       20     1   2  2  
 4 Marc Methot              Aki Berg                                          10     1   2  2  

PowerPlay Forward 
   Center                   Left Wing                Right Wing               Time % Phy DF OF 
 1 Dan Fritsche             Cody McLeod              Alexander Perezhogin     60     1   2  2  
 2 Nathan Davis             Matt Beleskey            Jason King               40     1   2  2  

PowerPlay Defense
   Defense                  Defense                                           Time % Phy DF OF 
 1 Philippe Boucher         Jeff Finger                                       60     1   2  2  
 2 Mike Wilson              Nate Guenin                                       40     1   2  2  

Penalty Kill 4 Players Forward 
   Center                   Wing                     Time % Phy DF OF 
 1 Alexander Perezhogin     Jason King               60     1   2  2  
 2 Milan Bartovic           Cody McLeod              40     1   2  2  

Penalty Kill 4 Players Defense
   Defense                  Defense                  Time % Phy DF OF 
 1 Philippe Boucher         Jeff Finger              60     1   2  2  
 2 Mike Wilson              Nate Guenin              40     1   2  2  

Penalty Kill - 3 Players Forward 
   Forward                                           Time % Phy DF OF 
 1 Alexander Perezhogin                              60     1   2  2  
 2 Jason King                                        40     1   2  2  

Penalty Kill - 3 Players Defense
   Defense                  Defense                  Time % Phy DF OF 
 1 Philippe Boucher         Jeff Finger              60     1   2  2  
 2 Mike Wilson              Nate Guenin              40     1   2  2  

4 vs 4 Forward 
   Center                   Wing                     Time % Phy DF OF 
 1 Alexander Perezhogin     Jason King               60     1   2  2  
 2 Milan Bartovic           Cody McLeod              40     1   2  2  

4 vs 4 Defense
   Defense                  Defense                  Time % Phy DF OF 
 1 Philippe Boucher         Jeff Finger              60     1   2  2  
 2 Mike Wilson              Nate Guenin              40     1   2  2  

Last Minutes Offensive
   Center                   Left Wing                Right Wing               Defense                  Defense                  
   Dan Fritsche             Cody McLeod              Alexander Perezhogin     Philippe Boucher         Jeff Finger              

Last Minutes Defensive
   Center                   Left Wing                Right Wing               Defense                  Defense                  
   Dan Fritsche             Cody McLeod              Alexander Perezhogin     Philippe Boucher         Jeff Finger              

Goaltenders
Starting : Julien Ellis             
Backup : Jamie Storr              

Extra Forwards
Normal : Petr Tenkrat, Mike Sislo, Petr Kalus - PP : Petr Tenkrat, Mike Sislo - PK : Petr Kalus
Extra Defensemen
Normal : Bruno Gervais, Matt Gilroy, Marc Methot - PP : Bruno Gervais - PK : Matt Gilroy, Marc Methot
Penalty Shots
Alexander Perezhogin, Jason King, Milan Bartovic, Cody McLeod, Dan Fritsche

% Time on Ice - Sasquatch

Lines # - Real PCT - Wanted PCT - Time Play
Normal Forward
1 - 32% - 40% - 16:10
2 - 28% - 30% - 14:07
3 - 23% - 20% - 11:51
4 - 17% - 10% - 8:41
Normal Defense
1 - 39% - 40% - 19:40
2 - 32% - 30% - 16:06
3 - 25% - 20% - 12:56
4 - 4% - 10% - 2:07
PP Forward
1 - 54% - 60% - 2:09
2 - 46% - 40% - 1:49
PP Defense
1 - 50% - 60% - 1:58
2 - 50% - 40% - 2:00
PK Forward
1 - 83% - 60% - 3:17
2 - 17% - 40% - 0:41
PK Defense
1 - 65% - 60% - 2:34
2 - 35% - 40% - 1:24
PK3 Forward
1 - 0% - 60%
2 - 0% - 40%
PK3 Defense
1 - 0% - 60%
2 - 0% - 40%
44 Forward
1 - 0% - 60%
2 - 0% - 40%
44 Defense
1 - 0% - 60%
2 - 0% - 40%
Last Minute Offensive  - 1:15
Last Minute Defensive  - 0:00
Total
Forward - 60:00
Defense - 60:00

% Time on Ice - Wolves

Lines # - Real PCT - Wanted PCT - Time Play
Normal Forward
1 - 33% - 40% - 16:41
2 - 26% - 30% - 13:01
3 - 25% - 20% - 12:53
4 - 16% - 10% - 8:17
Normal Defense
1 - 38% - 40% - 19:20
2 - 28% - 30% - 14:16
3 - 23% - 20% - 11:47
4 - 11% - 10% - 5:29
PP Forward
1 - 53% - 60% - 2:07
2 - 47% - 40% - 1:51
PP Defense
1 - 61% - 60% - 2:26
2 - 39% - 40% - 1:32
PK Forward
1 - 89% - 60% - 3:33
2 - 11% - 40% - 0:25
PK Defense
1 - 47% - 60% - 1:52
2 - 53% - 40% - 2:06
PK3 Forward
1 - 0% - 60%
2 - 0% - 40%
PK3 Defense
1 - 0% - 60%
2 - 0% - 40%
44 Forward
1 - 0% - 60%
2 - 0% - 40%
44 Defense
1 - 0% - 60%
2 - 0% - 40%
Last Minute Offensive  - 0:00
Last Minute Defensive  - 1:12
Total
Forward - 60:00
Defense - 60:00

Play by Play

1st period


0:01 of 1st period - Dan Fritsche wins face-off versus Andrew Cogliano in neutral zone.
0:04 of 1st period - Snap shot by Dan Fritsche.
0:04 of 1st period - Stopped by Peter Mannino with a rebound.
0:38 of 1st period - Wrist shot by Philippe Boucher.
0:38 of 1st period - Stopped by Peter Mannino with a rebound.
0:52 of 1st period - Wrist shot by Milan Bartovic.
0:52 of 1st period - Shot Misses the Net.
1:31 of 1st period - Ryan Wilson is hit by Cody McLeod and loses puck.
1:38 of 1st period - Snap shot by Alexander Perezhogin.
1:38 of 1st period - Goal by Alexander Perezhogin - Sasquatch : 0 - Wolves : 1.
1:39 of 1st period - Nathan Davis wins face-off versus Kevin Porter in neutral zone.
1:44 of 1st period - Snap shot by Jason King.
1:44 of 1st period - Shot Blocked by Mark Giordano.
1:51 of 1st period - Icing by Jared Boll.
1:52 of 1st period - Dan Fritsche wins face-off versus Kevin Porter in Sasquatch zone.
2:05 of 1st period - Wrist shot by Kevin Porter.
2:05 of 1st period - Goal by Kevin Porter - Sasquatch : 1 - Wolves : 1.
2:06 of 1st period - Petr Kalus wins face-off versus Andrew Cogliano in neutral zone.
2:31 of 1st period - Andreas Karlsson is hit by Dan Fritsche and loses puck.
2:44 of 1st period - Wrist shot by Cody McLeod.
2:44 of 1st period - Shot Misses the Net.
3:05 of 1st period - Wrist shot by Tomas Kurka.
3:05 of 1st period - Stopped by Julien Ellis without a rebound.
3:06 of 1st period - Andrew Cogliano wins face-off versus Dan Fritsche in Wolves zone.
3:07 of 1st period - Snap shot by Guillaume Latendresse.
3:07 of 1st period - Goal by Guillaume Latendresse - Sasquatch : 2 - Wolves : 1.
3:08 of 1st period - Dan Fritsche wins face-off versus Andrew Cogliano in neutral zone.
3:11 of 1st period - Wrist shot by Alexander Perezhogin.
3:11 of 1st period - Stopped by Peter Mannino with a rebound.
3:13 of 1st period - Slapshot by Nate Guenin.
3:13 of 1st period - Stopped by Peter Mannino without a rebound.
3:14 of 1st period - Dan Fritsche wins face-off versus Andrew Cogliano in Sasquatch zone.
3:15 of 1st period - Wrist shot by Alexander Perezhogin.
3:15 of 1st period - Shot Blocked by Noah Welch.
3:17 of 1st period - Snap shot by Alexander Perezhogin.
3:17 of 1st period - Goal by Alexander Perezhogin - Sasquatch : 2 - Wolves : 2.
3:18 of 1st period - Konstantin Pushkarev wins face-off versus Nathan Davis in neutral zone.
3:43 of 1st period - Cody McLeod is hit by Jiri Novotny and loses puck.
4:27 of 1st period - Snap shot by Milan Bartovic.
4:27 of 1st period - Shot Misses the Net.
4:29 of 1st period - Snap shot by Kevin Veilleux.
4:29 of 1st period - Shot Misses the Net.
4:31 of 1st period - Slapshot by Bruno Gervais.
4:31 of 1st period - Shot Misses the Net.
4:36 of 1st period - Icing by Tomas Kurka.
4:37 of 1st period - Kevin Porter wins face-off versus Dan Fritsche in Sasquatch zone.
5:04 of 1st period - Slapshot by Kevin Porter.
5:04 of 1st period - Shot Misses the Net.
5:12 of 1st period - Slapshot by Alexander Perezhogin.
5:12 of 1st period - Shot Misses the Net.
5:31 of 1st period - Slapshot by Philippe Boucher.
5:31 of 1st period - Shot Blocked by Tomas Kurka.
5:33 of 1st period - Wrist shot by Dan Fritsche.
5:33 of 1st period - Stopped by Peter Mannino without a rebound.
5:34 of 1st period - Nathan Davis wins face-off versus Andrew Cogliano in Sasquatch zone.
5:59 of 1st period - Minor Penalty to Brandon Yip for Roughing.
6:00 of 1st period - Andrew Cogliano wins face-off versus Nathan Davis in Sasquatch zone.
6:00 of 1st period - Andrew Cogliano is hit by Nathan Davis.
6:14 of 1st period - Wrist shot by Jason King.
6:14 of 1st period - Stopped by Peter Mannino with a rebound.
6:16 of 1st period - Slapshot by Philippe Boucher.
6:16 of 1st period - Deflect By Nathan Davis.
6:16 of 1st period - Shot Blocked by Kyle Cumiskey.
6:16 of 1st period - Puck is out of play.
6:17 of 1st period - Andrew Cogliano wins face-off versus Cody McLeod in Sasquatch zone.
6:42 of 1st period - Nathan Davis is hit by Kyle Cumiskey and loses puck.
7:01 of 1st period - Cody Franson is hit by Alexander Perezhogin and loses puck.
7:59 of 1st period - Penalty to Brandon Yip is over, Brandon Yip is back on ice.
9:51 of 1st period - Snap shot by Tomas Kurka.
9:51 of 1st period - Stopped by Julien Ellis without a rebound.
9:52 of 1st period - Nathan Davis wins face-off versus Andrew Cogliano in Wolves zone.
10:18 of 1st period - Dan Fritsche is hit by Andreas Karlsson.
10:59 of 1st period - Slapshot by Jason King.
10:59 of 1st period - Shot Misses the Net.
11:39 of 1st period - Snap shot by Jiri Novotny.
11:39 of 1st period - Deflect By Petr Tenkrat.
11:39 of 1st period - Stopped by Julien Ellis without a rebound.
11:40 of 1st period - Jiri Novotny wins face-off versus Kevin Veilleux in Wolves zone.
11:41 of 1st period - Wrist shot by Mats Zuccarello.
11:41 of 1st period - Stopped by Julien Ellis with a rebound.
12:24 of 1st period - Matt Beleskey is hit by Brandon Yip and loses puck.
12:45 of 1st period - Marc Methot is hit by Mats Zuccarello and loses puck.
12:52 of 1st period - Jiri Novotny is hit by Mike Sislo and loses puck.
13:13 of 1st period - Wrist shot by Kevin Porter.
13:13 of 1st period - Shot Blocked by Bruno Gervais.
13:19 of 1st period - Snap shot by Bruno Gervais.
13:19 of 1st period - Shot Misses the Net.
13:21 of 1st period - Slapshot by Matt Gilroy.
13:21 of 1st period - Stopped by Peter Mannino with a rebound.
14:50 of 1st period - Slapshot by Bruno Gervais.
14:50 of 1st period - Stopped by Peter Mannino without a rebound.
14:51 of 1st period - Andrew Cogliano wins face-off versus Dan Fritsche in Sasquatch zone.
15:39 of 1st period - Petr Tenkrat is hit by Mats Zuccarello.
15:49 of 1st period - Backhand shot by Petr Tenkrat.
15:49 of 1st period - Shot Misses the Net.
16:56 of 1st period - Brandon Yip is hit by Philippe Boucher and loses puck.
17:07 of 1st period - Nate Guenin is hit by Andrew Cogliano and loses puck.
17:17 of 1st period - Icing by Dan Fritsche.
17:18 of 1st period - Andreas Karlsson wins face-off versus Nathan Davis in Wolves zone.
17:19 of 1st period - Snap shot by Brandon Yip.
17:19 of 1st period - Stopped by Julien Ellis without a rebound.
17:20 of 1st period - Nathan Davis wins face-off versus Andreas Karlsson in Wolves zone.
17:27 of 1st period - Andreas Karlsson is hit by Nate Guenin and loses puck.
17:46 of 1st period - Slapshot by Alexander Perezhogin.
17:46 of 1st period - Goal by Alexander Perezhogin - Sasquatch : 2 - Wolves : 3.
17:47 of 1st period - Dan Fritsche wins face-off versus Andrew Cogliano in neutral zone.
18:37 of 1st period - Snap shot by Milan Bartovic.
18:37 of 1st period - Stopped by Peter Mannino without a rebound.
18:38 of 1st period - Andrew Cogliano wins face-off versus Petr Kalus in Sasquatch zone.
18:45 of 1st period - Wrist shot by Guillaume Latendresse.
18:45 of 1st period - Shot Hit the Post.
18:47 of 1st period - Wrist shot by Andrew Cogliano.
18:47 of 1st period - Stopped by Julien Ellis with a rebound.
18:49 of 1st period - Wrist shot by Brian Lee.
18:49 of 1st period - Shot Misses the Net.
19:33 of 1st period - Snap shot by Jiri Novotny.
19:33 of 1st period - Stopped by Julien Ellis with a rebound.
19:51 of 1st period - Dan Fritsche is hit by Andrew Cogliano.
19:55 of 1st period - Snap shot by Cody McLeod.
19:55 of 1st period - Stopped by Peter Mannino with a rebound.

2nd period


0:01 of 2nd period - Dan Fritsche wins face-off versus Andrew Cogliano in neutral zone.
0:06 of 2nd period - Snap shot by Alexander Perezhogin.
0:06 of 2nd period - Shot Misses the Net.
0:08 of 2nd period - Wrist shot by Alexander Perezhogin.
0:08 of 2nd period - Stopped by Peter Mannino without a rebound.
0:09 of 2nd period - Dan Fritsche wins face-off versus Andrew Cogliano in Sasquatch zone.
0:14 of 2nd period - Wrist shot by Alexander Perezhogin.
0:14 of 2nd period - Stopped by Peter Mannino without a rebound.
0:15 of 2nd period - Andrew Cogliano wins face-off versus Dan Fritsche in Sasquatch zone.
0:41 of 2nd period - Jason King is hit by Brandon Yip and loses puck.
0:46 of 2nd period - Snap shot by Andreas Karlsson.
0:46 of 2nd period - Stopped by Julien Ellis without a rebound.
0:47 of 2nd period - Andreas Karlsson wins face-off versus Nathan Davis in Wolves zone.
0:56 of 2nd period - Wrist shot by Linus Omark.
0:56 of 2nd period - Shot Misses the Net.
0:58 of 2nd period - Wrist shot by Linus Omark.
0:58 of 2nd period - Stopped by Julien Ellis without a rebound.
0:59 of 2nd period - Andrew Cogliano wins face-off versus Dan Fritsche in Wolves zone.
1:12 of 2nd period - Snap shot by Cody McLeod.
1:12 of 2nd period - Stopped by Peter Mannino with a rebound.
1:14 of 2nd period - Snap shot by Alexander Perezhogin.
1:14 of 2nd period - Shot Misses the Net.
1:53 of 2nd period - Snap shot by Andreas Karlsson.
1:53 of 2nd period - Stopped by Julien Ellis with a rebound.
1:55 of 2nd period - Snap shot by Brandon Yip.
1:55 of 2nd period - Goal by Brandon Yip - Sasquatch : 3 - Wolves : 3.
1:56 of 2nd period - Dan Fritsche wins face-off versus Andrew Cogliano in neutral zone.
2:18 of 2nd period - Icing by Cody McLeod.
2:19 of 2nd period - Kevin Porter wins face-off versus Dan Fritsche in Wolves zone.
2:28 of 2nd period - Wrist shot by Cody McLeod.
2:28 of 2nd period - Stopped by Peter Mannino with a rebound.
2:30 of 2nd period - Wrist shot by Cody McLeod.
2:30 of 2nd period - Shot Misses the Net.
2:32 of 2nd period - Snap shot by Dan Fritsche.
2:32 of 2nd period - Shot Misses the Net.
2:34 of 2nd period - Snap shot by Alexander Perezhogin.
2:34 of 2nd period - Deflect By Cody McLeod.
2:34 of 2nd period - Stopped by Peter Mannino with a rebound.
2:36 of 2nd period - Wrist shot by Dan Fritsche.
2:36 of 2nd period - Shot Misses the Net.
2:38 of 2nd period - Wrist shot by Cody McLeod.
2:38 of 2nd period - Goal by Cody McLeod - Sasquatch : 3 - Wolves : 4.
2:39 of 2nd period - Dan Fritsche wins face-off versus Andrew Cogliano in neutral zone.
2:50 of 2nd period - Nate Guenin is hit by Kyle Cumiskey.
3:04 of 2nd period - Nathan Davis is hit by Linus Omark and loses puck.
3:11 of 2nd period - Slapshot by Mike Wilson.
3:11 of 2nd period - Stopped by Peter Mannino with a rebound.
3:30 of 2nd period - Off-side.
3:31 of 2nd period - Dan Fritsche wins face-off versus Andrew Cogliano in neutral zone.
4:07 of 2nd period - Wrist shot by Linus Omark.
4:07 of 2nd period - Deflect By Brandon Yip.
4:07 of 2nd period - Shot Misses the Net.
4:07 of 2nd period - Puck is out of play.
4:08 of 2nd period - Andrew Cogliano wins face-off versus Matt Beleskey in Wolves zone.
4:45 of 2nd period - Off-side.
4:46 of 2nd period - Andreas Karlsson wins face-off versus Dan Fritsche in neutral zone.
5:35 of 2nd period - Wrist shot by Jiri Novotny.
5:35 of 2nd period - Stopped by Julien Ellis with a rebound.
5:37 of 2nd period - Snap shot by Kyle Cumiskey.
5:37 of 2nd period - Stopped by Julien Ellis with a rebound.
5:39 of 2nd period - Slapshot by Aaron Voros.
5:39 of 2nd period - Stopped by Julien Ellis without a rebound.
5:40 of 2nd period - Jiri Novotny wins face-off versus Kevin Veilleux in Wolves zone.
5:41 of 2nd period - Wrist shot by Mats Zuccarello.
5:41 of 2nd period - Stopped by Julien Ellis with a rebound.
5:43 of 2nd period - Wrist shot by Aaron Voros.
5:43 of 2nd period - Shot Misses the Net.
5:45 of 2nd period - Wrist shot by Kyle Cumiskey.
5:45 of 2nd period - Goal by Kyle Cumiskey - Sasquatch : 4 - Wolves : 4.
5:46 of 2nd period - Andrew Cogliano wins face-off versus Alexander Perezhogin in neutral zone.
5:57 of 2nd period - Snap shot by Guillaume Latendresse.
5:57 of 2nd period - Stopped by Julien Ellis without a rebound.
5:58 of 2nd period - Dan Fritsche wins face-off versus Andrew Cogliano in Wolves zone.
6:09 of 2nd period - Snap shot by Cody McLeod.
6:09 of 2nd period - Stopped by Peter Mannino without a rebound.
6:10 of 2nd period - Andrew Cogliano wins face-off versus Dan Fritsche in Sasquatch zone.
6:21 of 2nd period - Wrist shot by Andrew Cogliano.
6:21 of 2nd period - Shot Misses the Net.
6:27 of 2nd period - Andrew Cogliano is hit by Cody McLeod and loses puck.
7:09 of 2nd period - Mike Wilson is hit by Andreas Karlsson and loses puck.
7:53 of 2nd period - Wrist shot by Andrew Cogliano.
7:53 of 2nd period - Stopped by Julien Ellis without a rebound.
7:54 of 2nd period - Andrew Cogliano wins face-off versus Nathan Davis in Wolves zone.
8:09 of 2nd period - Snap shot by Guillaume Latendresse.
8:09 of 2nd period - Deflect By Andrew Cogliano.
8:09 of 2nd period - Stopped by Julien Ellis with a rebound.
9:36 of 2nd period - Minor Penalty to Dan Fritsche for Hooking.
9:37 of 2nd period - Alexander Perezhogin wins face-off versus Andrew Cogliano in Wolves zone.
11:36 of 2nd period - Penalty to Dan Fritsche is over, Dan Fritsche is back on ice.
11:49 of 2nd period - Snap shot by Linus Omark.
11:49 of 2nd period - Shot Misses the Net.
11:51 of 2nd period - Snap shot by Brandon Yip.
11:51 of 2nd period - Shot Misses the Net.
12:21 of 2nd period - Milan Bartovic is hit by Kyle Cumiskey and loses puck.
14:40 of 2nd period - Slapshot by Matt Beleskey.
14:40 of 2nd period - Stopped by Peter Mannino without a rebound.
14:41 of 2nd period - Nathan Davis wins face-off versus Andreas Karlsson in Sasquatch zone.
16:03 of 2nd period - Jason King is hit by Kyle Cumiskey and loses puck.
16:10 of 2nd period - Slapshot by Mike Wilson.
16:10 of 2nd period - Stopped by Peter Mannino with a rebound.
16:22 of 2nd period - Snap shot by Cody McLeod.
16:22 of 2nd period - Deflect By Alexander Perezhogin.
16:22 of 2nd period - Stopped by Peter Mannino with a rebound.
16:24 of 2nd period - Slapshot by Matt Gilroy.
16:24 of 2nd period - Deflect By Tomas Kurka.
16:24 of 2nd period - Stopped by Peter Mannino without a rebound.
16:25 of 2nd period - Dan Fritsche wins face-off versus Andrew Cogliano in Sasquatch zone.
17:32 of 2nd period - Slapshot by Cody McLeod.
17:32 of 2nd period - Shot Misses the Net.
17:54 of 2nd period - Backhand shot by Alexander Perezhogin.
17:54 of 2nd period - Shot Misses the Net.
17:58 of 2nd period - Snap shot by Cody McLeod.
17:58 of 2nd period - Stopped by Peter Mannino without a rebound.
17:59 of 2nd period - Andrew Cogliano wins face-off versus Nathan Davis in Sasquatch zone.
17:59 of 2nd period - Andrew Cogliano is hit by Jason King.
18:13 of 2nd period - Snap shot by Jason King.
18:13 of 2nd period - Stopped by Peter Mannino without a rebound.
18:14 of 2nd period - Petr Kalus wins face-off versus Andrew Cogliano in Sasquatch zone.
18:43 of 2nd period - Matt Beleskey is hit by Brian Lee and loses puck.
19:21 of 2nd period - Icing by Brian Lee.
19:22 of 2nd period - Jiri Novotny wins face-off versus Petr Kalus in Sasquatch zone.
19:29 of 2nd period - Slapshot by Brian Lee.
19:29 of 2nd period - Stopped by Julien Ellis with a rebound.
19:31 of 2nd period - Backhand shot by Konstantin Pushkarev.
19:31 of 2nd period - Shot Blocked by Aki Berg.
19:33 of 2nd period - Slapshot by Kyle Cumiskey.
19:33 of 2nd period - Deflect By Andrew Cogliano.
19:33 of 2nd period - Shot Misses the Net.
19:33 of 2nd period - Puck is out of play.
19:34 of 2nd period - Matt Beleskey wins face-off versus Andrew Cogliano in Wolves zone.
19:34 of 2nd period - Matt Beleskey is hit by Guillaume Latendresse.

3rd period


0:01 of 3rd period - Andrew Cogliano wins face-off versus Alexander Perezhogin in neutral zone.
0:04 of 3rd period - Slapshot by Noah Welch.
0:04 of 3rd period - Shot Blocked by Nate Guenin.
0:14 of 3rd period - Slapshot by Alexander Perezhogin.
0:14 of 3rd period - Shot Hit the Post.
0:16 of 3rd period - Slapshot by Mike Wilson.
0:16 of 3rd period - Shot Blocked by Mark Giordano.
0:26 of 3rd period - Mike Wilson is hit by Mark Giordano and loses puck.
0:33 of 3rd period - Snap shot by Nathan Davis.
0:33 of 3rd period - Stopped by Peter Mannino with a rebound.
1:40 of 3rd period - Minor Penalty to Nate Guenin for Charging.
1:41 of 3rd period - Andrew Cogliano wins face-off versus Alexander Perezhogin in Wolves zone.
1:50 of 3rd period - Slapshot by Andrew Cogliano.
1:50 of 3rd period - Stopped by Julien Ellis with a rebound.
2:16 of 3rd period - Slapshot by Tomas Kurka.
2:16 of 3rd period - Shot Blocked by Matt Gilroy.
3:40 of 3rd period - Penalty to Nate Guenin is over, Nate Guenin is back on ice.
3:51 of 3rd period - Slapshot by Linus Omark.
3:51 of 3rd period - Shot Blocked by Jeff Finger.
4:09 of 3rd period - Bruno Gervais is hit by Brandon Yip and loses puck.
5:23 of 3rd period - Slapshot by Petr Kalus.
5:23 of 3rd period - Stopped by Peter Mannino with a rebound.
6:23 of 3rd period - Andrew Cogliano is hit by Kevin Veilleux.
6:29 of 3rd period - Chris Terry is hit by Jiri Novotny.
7:31 of 3rd period - Snap shot by Cody McLeod.
7:31 of 3rd period - Stopped by Peter Mannino with a rebound.
7:33 of 3rd period - Snap shot by Alexander Perezhogin.
7:33 of 3rd period - Deflect By Dan Fritsche.
7:33 of 3rd period - Shot Misses the Net.
7:33 of 3rd period - Puck is out of play.
7:34 of 3rd period - Dan Fritsche wins face-off versus Guillaume Latendresse in Sasquatch zone.
7:39 of 3rd period - Wrist shot by Alexander Perezhogin.
7:39 of 3rd period - Shot Blocked by Ryan Wilson.
7:41 of 3rd period - Snap shot by Alexander Perezhogin.
7:41 of 3rd period - Goal by Alexander Perezhogin - Sasquatch : 4 - Wolves : 5.
7:42 of 3rd period - Dan Fritsche wins face-off versus Andrew Cogliano in neutral zone.
7:56 of 3rd period - Minor Penalty to Konstantin Pushkarev for Interference.
7:57 of 3rd period - Dan Fritsche wins face-off versus Andrew Cogliano in Sasquatch zone.
8:08 of 3rd period - Slapshot by Philippe Boucher.
8:08 of 3rd period - Deflect By Andrew Cogliano.
8:08 of 3rd period - Stopped by Peter Mannino without a rebound.
8:09 of 3rd period - Andrew Cogliano wins face-off versus Dan Fritsche in Sasquatch zone.
8:34 of 3rd period - Kyle Cumiskey is hit by Jeff Finger and loses puck.
9:56 of 3rd period - Penalty to Konstantin Pushkarev is over, Konstantin Pushkarev is back on ice.
10:07 of 3rd period - Snap shot by Petr Kalus.
10:07 of 3rd period - Shot Misses the Net.
10:58 of 3rd period - Off-side.
10:59 of 3rd period - Andrew Cogliano wins face-off versus Petr Kalus in neutral zone.
11:01 of 3rd period - Off-side.
11:02 of 3rd period - Petr Kalus wins face-off versus Andrew Cogliano in neutral zone.
11:02 of 3rd period - Philippe Boucher is hit by Kyle Cumiskey and loses puck.
11:28 of 3rd period - Backhand shot by Brian Lee.
11:28 of 3rd period - Deflect By Tomas Kurka.
11:28 of 3rd period - Shot Misses the Net.
11:28 of 3rd period - Puck is out of play.
11:29 of 3rd period - Dan Fritsche wins face-off versus Kevin Porter in Wolves zone.
11:38 of 3rd period - Dan Fritsche is hit by Kevin Porter and loses puck.
11:45 of 3rd period - Wrist shot by Kevin Porter.
11:45 of 3rd period - Stopped by Julien Ellis with a rebound.
12:04 of 3rd period - Snap shot by Jason King.
12:04 of 3rd period - Shot Misses the Net.
12:06 of 3rd period - Snap shot by Matt Beleskey.
12:06 of 3rd period - Stopped by Peter Mannino with a rebound.
13:06 of 3rd period - Slapshot by Philippe Boucher.
13:06 of 3rd period - Shot Misses the Net.
13:08 of 3rd period - Slapshot by Jeff Finger.
13:08 of 3rd period - Stopped by Peter Mannino without a rebound.
13:09 of 3rd period - Andrew Cogliano wins face-off versus Dan Fritsche in Sasquatch zone.
13:09 of 3rd period - Andrew Cogliano is hit by Dan Fritsche.
14:20 of 3rd period - Snap shot by Mats Zuccarello.
14:20 of 3rd period - Stopped by Julien Ellis with a rebound.
14:22 of 3rd period - Snap shot by Mats Zuccarello.
14:22 of 3rd period - Stopped by Julien Ellis without a rebound.
14:23 of 3rd period - Dan Fritsche wins face-off versus Aaron Voros in Wolves zone.
14:48 of 3rd period - Jiri Novotny is hit by Jeff Finger and loses puck.
16:11 of 3rd period - Wrist shot by Petr Kalus.
16:11 of 3rd period - Stopped by Peter Mannino without a rebound.
16:12 of 3rd period - Nathan Davis wins face-off versus Andrew Cogliano in Sasquatch zone.
16:37 of 3rd period - Brandon Yip is hit by Philippe Boucher and loses puck.
19:01 of 3rd period - Sasquatch, Peter Mannino is pulled from the net.
19:05 of 3rd period - Wrist shot by Guillaume Latendresse.
19:05 of 3rd period - Deflect By Andrew Cogliano.
19:05 of 3rd period - Deflect By Matt Gilroy.
19:05 of 3rd period - Stopped by Julien Ellis with a rebound.
19:07 of 3rd period - Slapshot by Cody Franson.
19:07 of 3rd period - Deflect By Andrew Cogliano.
19:07 of 3rd period - Stopped by Julien Ellis with a rebound.
19:09 of 3rd period - Slapshot by Cody Franson.
19:09 of 3rd period - Shot Misses the Net.
19:11 of 3rd period - Slapshot by Cody Franson.
19:11 of 3rd period - Shot Misses the Net.
19:13 of 3rd period - Snap shot by Andrew Cogliano.
19:13 of 3rd period - Shot Misses the Net.
19:15 of 3rd period - Wrist shot by Ryan Wilson.
19:15 of 3rd period - Shot Misses the Net.
19:17 of 3rd period - Snap shot by Andrew Cogliano.
19:17 of 3rd period - Shot Blocked by Cody McLeod.
19:19 of 3rd period - Slapshot by Cody Franson.
19:19 of 3rd period - Shot Blocked by Matt Gilroy.
19:39 of 3rd period - Slapshot by Guillaume Latendresse.
19:39 of 3rd period - Stopped by Julien Ellis without a rebound.
19:40 of 3rd period - Dave Tippett call a timeout for Sasquatch.
19:40 of 3rd period - Andrew Cogliano wins face-off versus Dan Fritsche in Wolves zone.
19:43 of 3rd period - Snap shot by Guillaume Latendresse.
19:43 of 3rd period - Shot Misses the Net.
19:45 of 3rd period - Snap shot by Aaron Voros.
19:45 of 3rd period - Deflect By Guillaume Latendresse.
19:45 of 3rd period - Shot Misses the Net.
19:45 of 3rd period - Puck is out of play.
19:46 of 3rd period - Andrew Cogliano wins face-off versus Dan Fritsche in Wolves zone.


Output by the SimonT Hockey Simulator (STHS) for François Prévost -- Original Page W3C XHTML 1.0 Valid
Hockey Simulator - Hockey Simulation - Hockey Manager